 Dungeon Crawl Stone Soup version 0.19-a0-1365-gb34f4cb (webtiles) character file.

4 esc the Shooter (level 1, 0/25 HPs)
             Began as a Centaur Hunter on Sept 2, 2016.
             Slain by a hobgoblin (1 damage)
             ... on level 1 of the Dungeon.
             The game lasted 00:01:20 (228 turns).

esc the Shooter (Centaur Hunter)                     Turns: 228, Time: 00:01:21

Health: 0/25       AC: 20    Str: 14    XL:     1   Next: 58%
Magic:  10/10      EV:  1    Int: 10    God:
Gold:   19         SH:  0    Dex:  9    Spells: 0 memorised, 0 levels left

rFire  . . .     SeeInvis .     b - +0 short sword
rCold  . . .     Gourm    .     (armour currently unavailable)
rNeg   + + +     Faith    .     (no shield)
rPois  +         Spirit   .     (helmet currently unavailable)
rElec  .         Dismiss  .     (cloak currently unavailable)
rCorr  .         Reflect  .     (gloves currently unavailable)
MR     .....     Harm     .     (no barding)
Stlth  ++........ NoTele   +    (no amulet)
                                h - ring of stealth {Stlth+}
                                g - ring of magical power {MP+9}

@: tree-form, very slightly contaminated, hasted, very quick
A: (hooves 0), (deformed body), (speed 0), (tough skin 0)
a: no special abilities


You were on level 1 of the Dungeon.
You were not hungry.
You were a tree.
You visited 1 branch of the dungeon, and saw 1 of its levels.

You collected 19 gold pieces.

Inventory:

Hand Weapons
 a - a +1 shortbow
 b - a +0 short sword (weapon)
Missiles
 d - 17 arrows
Armour
 c - a +0 leather armour (melded)
Jewellery
 g - a ring of magical power (left branch) {MP+9}
   (You found it on level 1 of the Dungeon)
 h - a ring of stealth (right branch) {Stlth+}
   (You found it on level 1 of the Dungeon)
Scrolls
 e - 2 scrolls of teleportation {unknown}
 j - 3 scrolls of identify {unknown}
Comestibles
 f - a bread ration {@e1}
 i - a slice of pizza


   Skills:
 + Level 2.0 Fighting
 + Level 5.4 Bows
 + Level 1.6 Dodging
 - Level 0.5 Stealth


You couldn't memorise any spells.
You didn't know any spells.

Dungeon Overview and Level Annotations

Branches:
Dungeon (1/15)

Altars:


Innate Abilities, Weirdness & Mutations

((You have hooves in place of feet.))
((Armour fits poorly on your strangely shaped body.))
((You cover ground very quickly.))
((You have extremely tough skin. (AC +3)))


Message History

j - a scroll labeled SUANO ENYNIVE You now have 4 gold pieces.
A rat comes into view.
Aim: a rat (resting)
You shoot an arrow. The arrow hits the rat!
You kill the rat!
A kobold comes into view. It is wielding a dagger.
You see here 5 gold pieces.
You now have 9 gold pieces (gained 5).
The kobold shouts!
A kobold is nearby!
Aim: a kobold, wielding a dagger You shoot an arrow.
The arrow hits the kobold!
You kill the kobold!
A bat comes into view.
b - a +0 short sword (weapon)
You closely miss the bat. Your kick misses the bat. The bat hits you.
You take 1 damage, and have 14/17 hp.
The bat barely misses you. The bat barely misses you.
You barely miss the bat. The bat hits you. The bat hits you.
You take 1 damage, and have 13/17 hp.
The bat hits you but does no damage.
You hit the bat.
You kill the bat!
No target in view!
a - a +1 shortbow (weapon)
d - 19 arrows (gained 1)
You see here a dagger.
You now have 19 gold pieces (gained 10).
e - 2 scrolls labeled NEUTTU CYNOZYHOMM (gained 1)
j - 2 scrolls labeled SUANO ENYNIVE (gained 1)
k - a pink potion You regained 2 hp, and now have 15/17 hp.
You regained 5 mp, and now have 8/10 mp.
You start resting.
Health restored: 17; MP restored: 10
j - 3 scrolls labeled SUANO ENYNIVE (gained 1)
A hobgoblin comes into view.
The hobgoblin shouts!
The hobgoblin moves out of view.
A goblin comes into view.
You see here a fizzy brown potion.
l - a fizzy brown potion
Aim: a hobgoblin You shoot an arrow.
The goblin shouts!
The arrow hits the hobgoblin but does no damage.
Aim: a hobgoblin You shoot an arrow.
The arrow completely misses the hobgoblin.
b - a +0 short sword (weapon)
A bat comes into view.
You barely miss the hobgoblin.
The hobgoblin hits you but does no damage.
You completely miss the hobgoblin. You barely miss the hobgoblin.
You kick the hobgoblin. The bat hits you. The hobgoblin barely misses you.
The bat hits you but does no damage.
You take 1 damage, and have 16/17 hp.
The bat hits you but does no damage. The bat closely misses you.
You hit the bat. The bat closely misses you.
The bat hits you but does no damage.
You hit the bat.
You kill the bat!
The hobgoblin hits you.
You take 3 damage, and have 13/17 hp.
You hit the hobgoblin but do no damage. Your kick misses the hobgoblin.
The hobgoblin completely misses you.
You barely miss the hobgoblin. The goblin hits you.
The hobgoblin barely misses you.
You take 3 damage, and have 10/17 hp.
You closely miss the hobgoblin. You kick the hobgoblin.
The goblin closely misses you. The hobgoblin barely misses you.
You barely miss the hobgoblin. Your kick misses the hobgoblin.
The goblin closely misses you. The hobgoblin barely misses you.
You hit the hobgoblin. The goblin hits you.
The hobgoblin hits you but does no damage.
You hit the hobgoblin but do no damage. Your kick misses the hobgoblin.
The goblin hits you. The hobgoblin hits you. The goblin hits you.
* * * LOW HITPOINT WARNING * * *
You take 5 damage, and have 5/17 hp.
MASSIVE DAMAGE!!
You are too injured to fight recklessly!
You barely miss the hobgoblin. The hobgoblin closely misses you.
The goblin hits you but does no damage.
You closely miss the hobgoblin. The hobgoblin hits you.
* * * LOW HITPOINT WARNING * * *
The goblin hits you.
* * * LOW HITPOINT WARNING * * *
You take 4 damage, and have 1/17 hp.
MASSIVE DAMAGE!!
It was a potion of haste.
You feel yourself speed up. The hobgoblin barely misses you.
The goblin barely misses you.
You are very lightly contaminated with residual magic.
It was a potion of lignification.
You turn into a tree.
Your +0 leather armour melds into your body.
Your roots penetrate the ground.
The hobgoblin hits you.
You die...

........................#####
.................###....#####
####.#.......................
..............####....#####
.........>.............#
#+..#.##.###..#....##..###
#.... .###.##.####.....###
#.....# #.###.... . ##♣#.###
#.# ##### ... #gg#.# ..# #
.....###.##.# #.##
...((.......# #.
..#...#..#### .. ..... #.##
.# .... #.# ... #.# .. ..#


You could see a hobgoblin and a goblin.

Vanquished Creatures
  2 bats (D:1)
  A goblin (D:1)
  A kobold (D:1)
  2 rats (D:1)
6 creatures vanquished.

Notes
Turn   | Place    | Note
-------+----------+-------------------------------------------
     0 | D:1      | esc the Centaur Hunter began the quest for the Orb.
     0 | D:1      | Reached XP level 1. HP: 17/17 MP: 1/1
   226 | D:1      | HP: 4/17 [hobgoblin (1)]
   226 | D:1      | HP: 1/17 [goblin (3)]
   228 | D:1      | Slain by a hobgoblin

Vault maps used:
D:1:      scummos_arrival_checkerplants, minivault_11, minmay_pentomino_r4

Action                   || total
-------------------------++-------
Melee: Short sword       ||    20
       Kick              ||     2
 Fire: Shortbow          ||     5
  Use: Potion            ||     2
Armor: Leather armour    ||     7
Dodge: Dodged            ||    16

Vault maps used:
D:1:      scummos_arrival_checkerplants, minivault_11, minmay_pentomino_r4

Table legend:
 A = Turns spent in this place as a percentage of turns spent in the entire game.
 B = Non-inter-level travel turns spent in this place as a percentage of non-inter-level travel turns spent in the entire game.
 C = Inter-level travel turns spent in this place as a percentage of turns spent in this place.
 D = Turns resting spent in this place as a percentage of non-inter-level travel turns spent in this place.
 E = Turns spent auto-exploring this place as a percentage of non-inter-level travel turns spent in this place.
 F = Non-inter-level travel turns spent in this place divided by the number of levels of this place that you've seen.
                   A       B       C       D       E      F
               +-------+-------+-------+-------+-------+----------------------
         Total | 100.0 | 100.0 |   0.0 |   2.9 |  11.8 |  68.0
       Dungeon | 100.0 | 100.0 |   0.0 |   2.9 |  11.8 |  68.0
               +-------+-------+-------+-------+-------+----------------------

Table legend:
 A = Kills in this place as a percentage of kills in entire the game.
 B = Kills by you in this place as a percentage of kills by you in the entire game.
 C = Kills by friends in this place as a percentage of kills by friends in the entire game.
 D = Other kills in this place as a percentage of other kills in the entire game.
 E = Experience gained in this place as a percentage of experience gained in the entire game.
 F = Experience gained in this place divided by the number of levels of this place that you have seen.
                   A       B       C       D       E      F
               +-------+-------+-------+-------+-------+----------------------
         Total | 100.0 | 100.0 |  -nan |  -nan | 100.0 |   7.0
       Dungeon | 100.0 | 100.0 |  -nan |  -nan | 100.0 |   7.0
               +-------+-------+-------+-------+-------+----------------------
